Map: Odyssey LE

Players

Kelazhur - Winner!

  • Race: Terran Terran
  • Spawn Location: 5:00

iaguz

  • Race: Terran Terran
  • Spawn Location: 11:00

Event: WCS Valencia 2017

VOD

Have the link to the VOD?

Description

Time

  • Played on: July 13, 2017, 1:55 p.m.
  • Length: 3:07

All games in this series

Show
View Real Time Build Order
Export as new Build Order

Kelazhur Terran - Winner!

Build Orders:  

Get SALT Encoding   

  12  0:00  SCV  
  13  0:13  SCV  
  14  0:18  Supply Depot  
  14  0:25  SCV  
  15  0:41  Barracks  
  15  0:44  Refinery  
  15  0:57  Barracks  
  15  1:01  SCV  
  16  1:11  Refinery  
  16  1:13  SCV  
  17  1:28  Reaper  
  17  1:32  Orbital Command  
  18  1:45  Reaper  
  19  1:58  SCV  
  19  2:00  Reaper  
  21  2:09  Factory  
  21  2:14  SCV  
  22  2:19  Supply Depot  
  22  2:20  Reaper  
  23  2:41  SCV  
  30  3:07  Supply Depot  
Show
View Real Time Build Order
Export as new Build Order

iaguz Terran 

Build Orders:  

Get SALT Encoding   

  12  0:00  SCV  
  13  0:12  SCV  
  14  0:17  Supply Depot  
  14  0:24  SCV  
  15  0:29  Refinery  
  15  0:39  SCV  
  16  0:44  Barracks  
  16  0:51  SCV  
  17  1:03  SCV  
  18  1:15  SCV  
  19  1:28  SCV  
  19  1:29  Refinery  
  19  1:30  Barracks  
  19  1:31  Reaper  
  21  1:43  Supply Depot  
  21  1:46  Orbital Command  
  21  1:59  Factory  
  21  2:04  Reaper  
  22  2:17  SCV  
  22  2:18  Reaper  
  24  2:27  Supply Depot  
Tags
 
Add a new tag
Caveats
  • Supply blocks, unpowered buildings, or Contaminate may cause inaccurate times.
  • Supply counts are checked every 10 seconds.